 Dungeon Crawl Stone Soup version 0.25-a0-681-gdf4e720381 (webtiles) character file.

Game seed: 1637121256995977834, levelgen mode: deterministic

45 CryoSword the Sneak (level 3, -2/19 HPs)
             Began as a Vampire Enchanter on Mar 30, 2020.
             Killed from afar by Sigmund (7 damage)
             ... with a puff of flame
             ... on level 2 of the Dungeon.
             The game lasted 00:04:14 (1896 turns).

CryoSword the Sneak (Vampire Enchanter)             Turns: 1896, Time: 00:04:15

Health: -2/19      AC:  2    Str:  7    XL:     3   Next: 42%
Magic:  2/6        EV: 13    Int: 18    God:
Gold:   79         SH:  0    Dex: 14    Spells: 0/6 levels left

rFire    . . .     SeeInvis +   a - +1 dagger
rCold    + + .     Gourm    .   (no shield)
rNeg     + + +     Faith    .   b - +0 robe
rPois    ∞         Spirit   .   (no helmet)
rElec    .         Reflect  .   (no cloak)
rCorr    .         Harm     .   (no gloves)
MR       .....                  (no boots)
Stlth    +++++.....             (no amulet)
HPRegen  0.00/turn              (no ring)
MPRegen  0.10/turn              (no ring)

@: bloodless
A: no food, fangs 3, see invisible, unbreathing
a: Bat Form, Revivify


You were on level 2 of the Dungeon.
You were bloodless.

You visited 1 branch of the dungeon, and saw 2 of its levels.

You collected 79 gold pieces.

Inventory:

Hand Weapons
 a - a +1 dagger (weapon)
Missiles
 h - 35 stones (quivered)
 j - 7 curare-tipped darts
Armour
 b - a +0 robe (worn)
Wands
 l - a wand of flame (17)
   (You found it on level 2 of the Dungeon)
Scrolls
 c - a scroll of teleportation {unknown}
 d - a scroll of fog {unknown}
 g - 2 scrolls of identify {unknown}
 k - a scroll of enchant armour {unknown}
Potions
 e - 3 potions of stabbing {unknown}
 f - 2 potions of lignification {unknown}
 i - a potion of might {unknown}


   Skills:
 + Level 0.1 Fighting
 * Level 2.4 Short Blades
 - Level 2.6 Dodging
 + Level 5.0 Stealth
 - Level 2.0 Spellcasting
 + Level 4.9 Hexes
 + Level 0.2 Ice Magic


You couldn't memorise any spells.
You knew the following spells:

 Your Spells              Type           Power        Failure   Level  Hunger
a - Corona                Hex            ###....      2%          1    N/A
b - Ensorcelled Hibernat  Hex/Ice        ##....       10%         2    N/A
c - Confusing Touch       Hex            ###.....     7%          3    N/A

Your spell library contained the following spells:

 Spells                   Type           Power        Failure   Level  Hunger
 Tukima's Dance           Hex            ###.....     7%          3    N/A
 Dazzling Flash           Conj/Hex       ##....       21%         3    N/A

Dungeon Overview and Level Annotations

Branches:
Dungeon (2/15)

Altars:
Xom

Annotations:
D:2 Sigmund


Innate Abilities, Weirdness & Mutations

You do not eat.
You do not regenerate when monsters are visible.
You are frail without blood (-20% HP).
You can heal yourself when you bite living creatures.
You are immune to poison.
You have razor-sharp teeth.
You have supernaturally acute eyesight. (SInv)
You can survive without breathing.


Message History

A worm is nearby!
A worm is nearby!
A worm is nearby!
A worm comes into view.
The helpless worm fails to defend itself.
You impale the worm!!
You kill the worm!
The helpless worm fails to defend itself.
You impale the worm!!
You kill the worm!
No target in view!
No target in view!
You see here a worm corpse.
g - 2 scrolls labeled PAKEM EBBYPIK (gained 1)
k - a scroll labeled FIDWEZ WYNAI You now have 66 gold pieces (gained 4).
A kobold comes into view.
A kobold is nearby!
A kobold is nearby!
A kobold is nearby!
A hobgoblin comes into view. It is wielding a +0 club.
The hobgoblin shouts!
The hobgoblin barely misses you.
You hit the hobgoblin but do no damage. The hobgoblin misses you.
Aim: a hobgoblin, wielding a +0 club (chance to defeat MR: 59%)
You miscast Ensorcelled Hibernation.
You are very lightly contaminated with residual magic.
Multicoloured lights dance before your eyes!
The hobgoblin hits you with a +0 club.
Aim: a hobgoblin, wielding a +0 club (chance to defeat MR: 59%)
The hobgoblin looks drowsy...
The kobold shouts!
The kobold throws a stone.
The stone hits you.
The helpless hobgoblin fails to defend itself.
You bite the hobgoblin, and draw its blood!
You feel better.
You impale the hobgoblin!!
You kill the hobgoblin!
The kobold throws a stone.
The stone hits you.
The kobold throws a stone.
The stone barely misses you.
You see here a stone.
The kobold throws a stone.
The stone hits you but does no damage.
You see here a stone.
You start resting.
The kobold is too close now for your liking.
You start resting.
Your magical contamination has completely faded away.
Aim: a kobold (chance to defeat MR: 59%)
The kobold looks drowsy...
The helpless kobold fails to defend itself.
You bite the kobold, and draw its blood!
You feel better.
You impale the kobold!!
You kill the kobold!
Your Stealth skill increases to level 5!
You now have 79 gold pieces (gained 13).
h - 7 stones (gained 1)
h - 8 stones (gained 1)
h - 9 stones (gained 1)
You see here a +0 club.
A goblin comes into view. It is wielding a +0 dagger.
A goblin is nearby!
A goblin is nearby!
A goblin is nearby!
You hit the goblin.
You kill the goblin!
Things that are here:
a +0 dagger; a goblin corpse A bat comes into view.
A bat is nearby!
A bat is nearby!
The helpless bat fails to defend itself.
You bite the bat, and draw its blood! You impale the bat!!
You kill the bat!
No target in view!
No target in view!
An orc comes into view.
An orc is nearby!
An orc is nearby!
An orc is nearby!
An orc comes into view. It is wielding a +0 mace.
An orc comes into view. It is wielding a +0 mace.
The orc shouts!
The orc misses you.
The orc moves out of view.
You completely miss the orc.
A giant cockroach comes into view.
Aim: an orc, wearing a +0 chain mail (chance to defeat MR: 60%)
The orc resists with significant effort.
The orc shouts!
The orc barely misses you.
You hit the orc. The orc hits you. The orc hits you with a +0 mace!
The giant cockroach closely misses you.
Aim: an orc, wearing a +0 chain mail (moderately wounded, chance to defeat MR: 60%)
The giant cockroach looks drowsy...
There is a stone staircase leading up here.
You climb upwards.
There is a stone staircase leading down here.
You start resting.
You climb downwards.
There is a stone staircase leading up here.
A goblin comes into view. It is wielding a +0 dagger.
The goblin barely misses you.
You miss the goblin. You bite the goblin.
You draw the goblin's blood!
The goblin hits you with a +0 dagger.
You barely miss the goblin. Your bite misses the goblin.
You closely miss the goblin. The goblin hits you but does no damage.
Aim: a goblin, wielding a +0 dagger and quivering 26 stones (heavily wounded, chance to defeat MR: 73%)
Okay, then.
Aim: a goblin, wielding a +0 dagger and quivering 26 stones (heavily wounded, chance to defeat MR: 60%)
The goblin looks drowsy...
The helpless goblin fails to defend itself.
You bite the goblin, and draw its blood!
You feel better.
You impale the goblin!!
You kill the goblin!
No target in view!
l - a wand of flame (17)
h - 35 stones (gained 26)
Things that are here:
a +0 dagger; a +0 hunting sling; a goblin corpse
Things that are here:
a +0 dagger; a +0 hunting sling; a goblin corpse Sigmund the Dreaded comes into view.
He is wielding a +0 scythe.
The helpless Sigmund fails to defend himself.
You bite Sigmund, and draw his blood! You impale Sigmund!!
Sigmund barely misses you.
You hit Sigmund but do no damage. Sigmund gestures at you while chanting.
The puff of flame hits you.
You are too injured to fight recklessly!
Aim: Sigmund, wielding a +0 scythe and wearing a +0 robe (severely wounded, chance to defeat MR: 50%) Sigmund resists with some effort.
Sigmund points at you and mumbles some strange words.
You are confused.
You're too confused to cast spells.
You bump into the rock wall.
Sigmund mumbles some strange words.
Sigmund flickers and vanishes for a moment.
You bump into the rock wall.
Sigmund misses you.
You hit Sigmund but do no damage. You closely miss Sigmund. Sigmund misses you.
You barely miss Sigmund. Your bite misses Sigmund.
You bump into the rock wall.
You feel less confused. Sigmund hits you with a +0 scythe!
* * * LOW HITPOINT WARNING * * *
You hit Sigmund. Sigmund completely misses you.
You closely miss Sigmund.
Aim: Sigmund, wielding a +0 scythe and wearing a +0 robe (severely wounded, slightly transparent, chance to defeat MR: 50%) Sigmund resists with some effort.
Sigmund gestures at you while chanting. The puff of flame hits you!
You die...

..####[##......
..####....#.#...
.<...............#
)...##.#..#.#....#
.......#.........#
..####.#..#.#.... .
..........#.#.... ...
............##..###..#..
..........#.##..@@......
............###.###.....
....##.#..#.###.###..#..
....##.#..#.##.........
....####..#.###.###..##
..........#.# #.# ..
.#..###...#.# #.#
......).....###.###..#
.......................


You could see Sigmund (invisible).

Vanquished Creatures
  3 worms (D:2)
  A leopard gecko (D:1)
  6 bats
  3 goblins
  5 hobgoblins
  4 jackals (D:1)
  6 kobolds
  3 rats (D:1)
31 creatures vanquished.

Notes
Turn   | Place    | Note
-------+----------+-------------------------------------------
     0 | D:1      | CryoSword the Vampire Enchanter began the quest for the
                  | Orb.
     0 | D:1      | Reached XP level 1. HP: 13/13 MP: 3/3
   134 | D:1      | Reached XP level 2. HP: 19/19 MP: 1/5
   209 | D:1      | Learned a level 2 spell: Ensorcelled Hibernation
  1422 | D:2      | Found a shimmering altar of Xom,
  1454 | D:2      | Reached XP level 3. HP: 19/19 MP: 6/6
  1459 | D:2      | Learned a level 3 spell: Confusing Touch
  1548 | D:2      | Reached skill level 5 in Stealth
  1883 | D:2      | Noticed Sigmund
  1896 | D:2      | Killed from afar by Sigmund

Levels and vault maps discovered:
D:1:      lightli_arrival_isolated_outpost, layout_basic,
          minmay_misc_feat_hallway, minivault_4
D:2:      layout_basic, nicolae_overflow_crystal_walls, lemuel_doored_altar,
          uniq_sigmund

Skill      XL: |  1  2  3 |
---------------+----------+-----
Short Blades   | 2 |  2.4
Stealth        | 5 |  5.0
Fighting       | |  0.1
Dodging        | |  2.6
Spellcasting   | |  2.0
Hexes          | |  4.9
Ice Magic      | |  0.2

Action                   || total
-------------------------++-------
Melee: Dagger            ||   105
       Bite              ||     9
Throw: Stone             ||     1
 Cast: Corona            ||     6
       Ensorcelled Hiber ||    14
 Abil: Exsanguinate      ||     1
 Stab: Sleeping          ||    15
Armor: Robe              ||    30
Dodge: Dodged            ||    82

Table legend:
 A = Non-vault XP
 B = Vault XP
 C = Vault XP percentage of total XP
 D = Non-vault monster count
 E = Vault monster count
 F = Vault count percentage of total count
                 A         B        C        D         E       F
            +---------+---------+-------+---------+---------+-------
      Total |      65 |       0 |   0.0 |      31 |       0 |   0.0
            +---------+---------+-------+---------+---------+-------
        D:1 |      35 |       0 |   0.0 |      20 |       0 |   0.0
        D:2 |      30 |       0 |   0.0 |      11 |       0 |   0.0
            +---------+---------+-------+---------+---------+-------
